 Dungeon Crawl Stone Soup version 0.25-a0-189-gf71692caf1 (webtiles) character file.

Game seed: 17729947813042108527, levelgen mode: deterministic

21 Leeroy the Conjurer (level 2, 0/30 HPs)
             Began as a Draconian Conjurer on Nov 29, 2019.
             Slain by Terence
             ... wielding a +0 short sword of speed
              (4 damage)
             ... on level 2 of the Dungeon.
             The game lasted 00:02:46 (1217 turns).

Leeroy the Conjurer (Draconian Conjurer)            Turns: 1217, Time: 00:02:47

Health: 0/30       AC:  4    Str: 15    XL:     2   Next: 65%
Magic:  3/5        EV: 16    Int: 15    God:
Gold:   75         SH:  3    Dex: 16    Spells: 2/5 levels left

rFire    . . .     SeeInvis .   h - +0 short sword
rCold    . . .     Gourm    .   c - +0 buckler (curse)
rNeg     . . .     Faith    .   (armour unavailable)
rPois    .         Spirit   .   (helmet restricted)
rElec    .         Reflect  .   (no cloak)
rCorr    .         Harm     .   (no gloves)
MR       .....                  (no boots)
Stlth    ..........             (no amulet)
HPRegen  0.10/turn              (no ring)
MPRegen  0.09/turn              (no ring)

@: agile, berserking, very quick
A: unfitting armour, cold-blooded, AC +4
a: no special abilities


You were on level 2 of the Dungeon.
You were very hungry.

You visited 1 branch of the dungeon, and saw 2 of its levels.

You collected 75 gold pieces.

Inventory:

Hand Weapons
 d - a +0 dagger
 f - a +0 dagger of draining
 h - a +0 short sword (weapon)
Armour
 c - a cursed +0 buckler (worn)
Scrolls
 e - 2 scrolls of immolation {unknown}
 j - a scroll of identify {unknown}
Potions
 i - a potion of cancellation
Comestibles
 b - a ration


   Skills:
 - Level 1.7 Dodging
 - Level 1.7 Stealth
 - Level 2.0 Spellcasting
 + Level 4.8 Conjurations


You had 2 spell levels left.
You knew the following spells:

 Your Spells              Type           Power        Failure   Level  Hunger
a - Magic Dart            Conj           ###.         4%          1    #......
b - Searing Ray           Conj           ###...       8%          2    ###....

Your spell library contained the following spells:

 Spells                   Type           Power        Failure   Level  Hunger
 Dazzling Spray           Conj/Hex       #.....       38%         3    ###....
 Iskenderun's Mystic Bla  Conj           ###.....     45%         4    #####..
 Force Lance              Conj/Tloc      #.......     80%         4    #####..
 Fulminant Prism          Conj/Hex       #.........   80%         4    #####..


Dungeon Overview and Level Annotations

Branches:
Dungeon (2/15)

Altars:

Annotations:
D:2 Terence


Innate Abilities, Weirdness & Mutations

Your plain brown scales are hard. (AC +4)
You cannot fit into any form of body armour.
You are cold-blooded and may be slowed by cold attacks.


Message History

It was a potion of agility.
You feel agile all of a sudden. Terence completely misses you.
Casting: Searing Ray (safe; 8% risk of failure)
Confirm with . or Enter, or press ? or * to list all spells.
Okay, then.
It was a potion of berserk rage.
A red film seems to cover your vision as you go berserk!
You feel yourself moving faster!
You feel mighty! Terence barely misses you.
Terence hits you but does no damage.
You puncture Terence!
Terence is moderately wounded.
Terence hits you but does no damage.
You hit Terence but do no damage.
Terence is moderately wounded.
Terence misses you.
You puncture Terence!
Terence is almost dead.
Terence hits you with a +0 short sword of speed.
You die...

... #.# #.# #.# ######
#.#### #### #@...###.#..
... #######@....##.#.#
#. #.......##..##.#.#
##.
#.#####.##..#....#####..
....##.#.......†.......
#...........#....#####..
#....##.##..##.#........
#...........##.#.######.
###..##.###.##.#........


You could see Terence.

Vanquished Creatures
  2 dart slugs (D:1)
  2 giant cockroaches
  2 hobgoblins (D:1)
  2 kobolds (D:1)
  5 bats (D:1)
  A frilled lizard (D:1)
  2 goblins (D:1)
  2 rats (D:1)
18 creatures vanquished.

Notes
Turn   | Place    | Note
-------+----------+-------------------------------------------
     0 | D:1      | Leeroy the Draconian Conjurer began the quest for the Orb.
     0 | D:1      | Reached XP level 1. HP: 14/14 MP: 3/3
   468 | D:1      | Reached XP level 2. HP: 19/20 MP: 5/5
   992 | D:2      | Noticed Terence
  1046 | D:1      | Learned a level 2 spell: Searing Ray
  1217 | D:2      | Slain by Terence

Levels and vault maps discovered:
D:1:      dpeg_arrival_leaves_temple_mockup, layout_basic
D:2:      layout_loops_corners, first_ration, amethyst_killhole, uniq_sigmund,
          uniq_terence

Action                   || total
-------------------------++-------
Melee: Dagger            ||    25
       Unarmed           ||     3
       Tailslap          ||     3
       Short sword       ||    34
 Cast: Magic Dart        ||     6
  Use: Potion            ||     3
 Stab: Sleeping          ||     2
Armor: Skin              ||    21
Dodge: Dodged            ||    48
Block: Buckler           ||    12

Table legend:
 A = Non-vault XP
 B = Vault XP
 C = Vault XP percentage of total XP
 D = Non-vault monster count
 E = Vault monster count
 F = Vault count percentage of total count
                 A         B        C        D         E       F
            +---------+---------+-------+---------+---------+-------
      Total |      31 |       0 |   0.0 |      18 |       0 |   0.0
            +---------+---------+-------+---------+---------+-------
        D:1 |      29 |       0 |   0.0 |      17 |       0 |   0.0
        D:2 |       2 |       0 |   0.0 |       1 |       0 |   0.0
            +---------+---------+-------+---------+---------+-------
